 Dungeon Crawl Stone Soup version 0.25-a0-424-g80bd347ae0 (webtiles) character file.

Game seed: 5725710205123446048, levelgen mode: deterministic

635 kae the Gusty (level 7, -2/50 HPs)
             Began as a Red Draconian Air Elementalist on Jan 23, 2020.
             Killed by their own static electricity (3 damage)
             ... on level 5 of the Dungeon.
             The game lasted 00:07:14 (5726 turns).

kae the Gusty (Red Draconian Air Elementalist)      Turns: 5726, Time: 00:07:14

Health: -2/50      AC:  6    Str: 10    XL:     7   Next: 25%
Magic:  1/13       EV: 12    Int: 18    God:
Gold:   143        SH:  0    Dex: 11    Spells: 4/14 levels left

rFire    + + .     SeeInvis .   a - +0 whip
rCold    + . .     Gourm    .   (no shield)
rNeg     . . .     Faith    .   (armour unavailable)
rPois    .         Spirit   .   (helmet restricted)
rElec    .         Reflect  .   k - scarf {rC+ rF+}
rCorr    .         Harm     .   (no gloves)
MR       .....                  (no boots)
Stlth    ++........             (no amulet)
HPRegen  0.16/turn              (no ring)
MPRegen  0.13/turn              (no ring)

@: no status effects
A: breathe fire, unfitting armour, fire resistance 1, cold-blooded, AC +6
a: Breathe Fire


You were on level 5 of the Dungeon.
You were hungry.

You visited 1 branch of the dungeon, and saw 5 of its levels.

You collected 143 gold pieces.

Inventory:

Hand Weapons
 a - a +0 whip (weapon)
Armour
 c - a scarf of spirit shield
 k - a scarf of resistance (worn)
Wands
 h - a wand of digging (1)
Scrolls
 d - a scroll of amnesia
 e - a scroll of identify
 g - 2 scrolls of random uselessness
 l - 6 scrolls of remove curse
Potions
 f - 3 potions of brilliance
 i - a potion of haste
 j - a potion of curing
 n - a potion of lignification
 p - a potion of cancellation {unknown}
Comestibles
 b - 6 rations


   Skills:
 - Level 1.7 Dodging
 - Level 1.7 Stealth
 + Level 4.4 Spellcasting
 - Level 1.0 Conjurations
 * Level 7.2 Air Magic


You had 4 spell levels left.
You knew the following spells:

 Your Spells              Type           Power        Failure   Level  Hunger
a - Shock                 Conj/Air       ###.         2%          1    None
b - Static Discharge      Conj/Air       ###.....     8%          3    ###....
c - Swiftness             Chrm/Air       ###.....     4%          2    #......
d - Airstrike             Air            ####......   8%          4    ####...

Your spell library contained the following spells:

 Spells                   Type           Power        Failure   Level  Hunger
 Lightning Bolt           Conj/Air       ###.......   58%         5    ######.


Dungeon Overview and Level Annotations

Branches:
Dungeon (5/15)
 Temple: D:4-7

Altars:
Okawaru

Annotations:
D:2 Natasha


Innate Abilities, Weirdness & Mutations

You can breathe blasts of fire.
Your fiery red scales are hard. (AC +6)
You cannot fit into any form of body armour.
Your flesh is heat resistant. (rF+)
You are cold-blooded and may be slowed by cold attacks.


Message History

The bullfrog skeleton is lightly damaged.
You are struck by an arc of lightning.
* * * LOW HITPOINT WARNING * * *
The lightning grounds out.
The ogre is struck by an arc of lightning.
The ogre is almost dead.
You are struck by an arc of lightning.
* * * LOW HITPOINT WARNING * * *
The lightning grounds out.
The bullfrog skeleton closely misses you.
The bullfrog skeleton hits you.
* * * LOW HITPOINT WARNING * * *
The ogre closely misses you.
The bullfrog skeleton hits you but does no damage.
Casting: Static Discharge (safe; 8% risk of failure)
Confirm with . or Enter, or press ? or * to list all spells.
The bullfrog skeleton is struck by an arc of lightning.
The bullfrog skeleton is moderately damaged.
You are struck by an arc of lightning.
You die...

####
..#
#O#
#@#
#Z#
#.#
#.#
#.#
#.#
...
...


You could see an ogre and a bullfrog skeleton.

Vanquished Creatures
  A bullfrog (D:3)
  2 orc priests
  4 orc wizards
  Terence (D:2)
  Natasha (D:2)
  An iguana (D:4)
  3 worker ants (D:4)
  Robin (D:2)
  10 adders
  An ooze (D:3)
  4 worms
  A dart slug (D:2)
  6 leopard geckos
  16 orcs
  A ball python (D:1)
  6 giant cockroaches
  4 hobgoblins (D:2)
  12 jackals
  9 kobolds
  2 quokkas
  16 bats
  5 frilled lizards
  14 goblins
  6 rats
127 creatures vanquished.

Notes
Turn   | Place    | Note
-------+----------+-------------------------------------------
     0 | D:1      | kae the Draconian Air Elementalist began the quest for the
                  | Orb.
     0 | D:1      | Reached XP level 1. HP: 14/14 MP: 3/3
   321 | D:1      | Reached XP level 2. HP: 19/20 MP: 3/5
  1186 | D:2      | Reached XP level 3. HP: 24/26 MP: 3/6
  1236 | D:2      | Noticed Natasha
  1245 | D:2      | Killed Natasha
  1245 | D:2      | Reached skill level 4 in Air Magic
  1411 | D:2      | Noticed Terence
  1424 | D:2      | Killed Terence
  1424 | D:2      | Reached XP level 4. HP: 33/33 MP: 1/8
  1837 | D:2      | Reached skill level 5 in Air Magic
  1937 | D:2      | Reached XP level 5. HP: 38/38 MP: 6/9
  2113 | D:2      | Learned a level 2 spell: Swiftness
  2117 | D:2      | Learned a level 3 spell: Static Discharge
  2152 | D:2      | Noticed Natasha
  2275 | D:2      | Learned a level 4 spell: Airstrike
  2644 | D:2      | Noticed Robin
  2646 | D:2      | Killed Robin
  3118 | D:3      | Reached XP level 6. HP: 31/45 MP: 9/11
  3551 | D:3      | Found an iron altar of Okawaru.
  3845 | D:3      | Reached skill level 6 in Air Magic
  4698 | D:4      | Your scales start taking on a fiery red colour.
  4698 | D:4      | Reached XP level 7. HP: 49/50 MP: 7/13
  4698 | D:4      | Gained mutation: Your flesh is heat resistant. (rF+) [Red
                  | Draconian growth]
  5025 | D:4      | Reached skill level 7 in Air Magic
  5713 | D:5      | Entered Level 5 of the Dungeon
  5724 | D:5      | HP: 2/50 [/static electricity (3)]
  5726 | D:5      | Killed from afar by themself

Levels and vault maps discovered:
D:1:      lemuel_arrival_cross, layout_basic, hex_medium
D:2:      minmay_chambers_of_ones, layout_basic, minmay_mini_jars, uniq_natasha,
          uniq_terence, uniq_robin
D:3:      layout_basic, corexii_item_surrounded_by_moat, okawaru_metal_pillars_3
D:4:      layout_loops_ring, first_ration
D:5:      layout_basic, portal_sewer_entry_d

Skill      XL: |  1  2  3  4  5  6  7 |
---------------+----------------------+-----
Air Magic      | 4 5 6 7 |  7.2
Spellcasting   | 3 4 |  4.4
Dodging        | |  1.7
Stealth        | |  1.7
Conjurations   | |  1.0

Action                   |  1- 3 |  4- 6 |  7- 9 || total
-------------------------+-------+-------+-------++-------
Melee: Unarmed           |    11 |       |       ||    11
       Whip              |    81 |   142 |    36 ||   259
       Tailslap          |     3 |    20 |     2 ||    25
 Cast: Shock             |    36 |   127 |    32 ||   195
       Static Discharge  |       |    11 |    10 ||    21
 Abil: Breathe Fire      |       |       |     3 ||     3
  Use: Scroll            |     3 |     1 |     3 ||     7
       Potion            |       |     4 |     1 ||     5
 Stab: Sleeping          |     2 |     2 |     1 ||     5
  Eat: Chunk             |     2 |    11 |     4 ||    17
Armor: Skin              |    60 |    63 |    26 ||   149
Dodge: Dodged            |   116 |   127 |    44 ||   287

Table legend:
 A = Non-vault XP
 B = Vault XP
 C = Vault XP percentage of total XP
 D = Non-vault monster count
 E = Vault monster count
 F = Vault count percentage of total count
                 A         B        C        D         E       F
            +---------+---------+-------+---------+---------+-------
      Total |     724 |     184 |  20.3 |     102 |      25 |  19.7
            +---------+---------+-------+---------+---------+-------
        D:1 |      39 |       0 |   0.0 |      24 |       0 |   0.0
        D:2 |      38 |     184 |  82.9 |      16 |      25 |  61.0
        D:3 |     303 |       0 |   0.0 |      33 |       0 |   0.0
        D:4 |     342 |       0 |   0.0 |      28 |       0 |   0.0
        D:5 |       2 |       0 |   0.0 |       1 |       0 |   0.0
            +---------+---------+-------+---------+---------+-------
